 Dungeon Sprint DCSS version 0.29.1-1-gd02db6906a (webtiles) character file.

Game seed: 3585195826509468792

53300000 Ofeo the Axe Maniac (level 27, 0/228 HPs)
             Began as a Djinni Warper on Sept 17, 2022.
             Was the Champion of Makhleb.
             Killed from afar by a starcursed mass (4 damage)
             ... with an accursed screaming
             ... summoned by The Unspeakable
             ... in the Dungeon (Sprint VIII: "Arena of Blood").
             The game lasted 00:04:52 (533 turns).

Ofeo the Axe Maniac (Djinni Warper)                  Turns: 533, Time: 00:04:52

Health: 0/228      AC:  6    Str: 10    XL:     27
Gold:   0          EV: 27    Int: 26    God:    Makhleb [******] SH:  0 Dex: 16

rFire   + + .      SeeInvis +   d - +∞ Axe of Woe
rCold   x . .      Faith    .   (shield currently unavailable)
rNeg    . . .      Spirit   .   a - +0 leather armour
rPois   ∞          Reflect  .   (no helmet)
rElec   .          Harm     .   (no cloak)
rCorr   .          Rampage  .   (no gloves)
Will    ++...      NoTele   +   (boots unavailable)
Stlth   +++.......              (no amulet)
HPRegen 0.48/turn               i - ring of see invisible
MPRegen 0.00/turn               (no ring)

@: confused, flying
A: sickness immunity, fire resistance 2, cold vulnerability 1, float, innate
caster, HP casting, extra vitality 1
a: Renounce Religion, Minor Destruction, Lesser Servant of Makhleb, Major
Destruction, Greater Servant of Makhleb


You were in the Dungeon.
You worshipped Makhleb.
Makhleb was exalted by your worship.
You visited 1 branch

Inventory:

Hand Weapons
 d - the +∞ Axe of Woe (weapon)
   (You found it in the Dungeon)
Missiles
 c - 7 boomerangs of dispersal
Armour
 a - a +0 leather armour (worn)
Jewellery
 e - a +200 ring of slaying
 i - a ring of see invisible (left hand)
Scrolls
 b - 2 scrolls of blinking {@r4}
Potions
 f - a potion of heal wounds {@q2}
 g - a potion of berserk rage
 h - a potion of haste {@q3}
 q - a potion of curing {@q1}


   Skills:
 O Level 27 Fighting
 O Level 27 Short Blades
 O Level 27 Long Blades
 O Level 27 Axes
 O Level 27 Maces & Flails
 O Level 27 Polearms
 O Level 27 Staves
 O Level 27 Ranged Weapons
 O Level 27 Throwing
 O Level 27 Armour
 O Level 27 Dodging
 O Level 27 Stealth
 O Level 27 Shields
 O Level 27 Unarmed Combat
 O Level 27 Spellcasting
 O Level 27 Invocations
 O Level 27 Evocations


You couldn't memorise any spells.
You knew the following spells:

 Your Spells              Type           Power      Damage    Failure   Level
a - Blink                 Tloc           100%       N/A       0%          2
b - Lesser Beckoning      Tloc           100%       N/A       0%          3
c - Gell's Gravitas       Tloc           100%       N/A       0%          3
d - Teleport Other        Tloc           100%       N/A       0%          3
e - Manifold Assault      Tloc           100%       N/A       0%          5
f - Magic Dart            Conj           100%       1d8       0%          1
g - Searing Ray           Conj           100%       2d8       0%          2
h - Confusing Touch       Hex            100%       N/A       0%          3
i - Flame Wave            Conj/Fire      100%       2d21      0%          4
j - Dispel Undead         Necr           100%       3d31      0%          4
k - Summon Forest         Summ/Tloc      54%        N/A       0%          5
l - Statue Form           Tmut/Erth      72%        N/A       0%          6
m - Shatter               Erth           54%        3d41*     1%          9
n - Conjure Ball Lightni  Conj/Air       54%        3x3d20    0%          6
o - Infestation           Necr           54%        N/A       1%          8
p - Spellforged Servitor  Conj/Summ      54%        N/A       0%          7
q - Maxwell's Capacitive  Air            54%        ∞         1%          8
z - Malign Gateway        Summ/Tloc      54%        N/A       0%          7
Your spell library was empty.

Dungeon Overview and Level Annotations

Branches:
Dungeon (1/1)

Altars:
Makhleb


Innate Abilities, Weirdness & Mutations

You are immune to sickness and miasma.
You are immune to poison.
Your flesh is very heat resistant. (rF++)
You are vulnerable to cold. (rC-)
You float through the air rather than walking.
You learn spells naturally, not from books.
Your magical power is your life essence.
You have superior vitality. (+4 MHP)


Message History

There are monsters nearby!
You are too confused!
There are monsters nearby!
You are too confused!
You're too confused to move!
You hear a shout!
You are more confused.
An eight-headed meat hydra comes into view.
You hear a shout! x3
An eight-headed meat hydra and 2 viles come into view.
The eight-headed meat hydra roars!
You hear a shout! x3
A vile comes into view. It is wielding a +0 mace.
You hear a shout!
You are more confused.
An eight-headed meat hydra comes into view.
You hear a shout!
The vile throws damnation at you.
The sphere of damnation explodes!
The damnation engulfs you!!
You hear a shout!
The eight-headed meat hydra calls on the powers of darkness!
The eight-headed meat hydra convulses! x2; The bag of meat convulses!
Your body is wracked with pain!
The vile throws damnation at you.
The sphere of damnation explodes!
The damnation engulfs you!!
The eight-headed meat hydra roars!
You hear a shout!
You hear a shout!
You are more confused.
You hear a shout! x3
The vile throws damnation at you.
The sphere of damnation explodes!
The damnation engulfs you!!
* * * LOW HITPOINT WARNING * * *
You hear a shout! x3
The vile throws damnation at you.
The sphere of damnation explodes!
The damnation engulfs you!!
* * * LOW HITPOINT WARNING * * *
The vile throws damnation at you.
The sphere of damnation explodes!
The damnation engulfs you!!
* * * LOW HITPOINT WARNING * * *
The starcursed mass shrieks in your mind.
You die...

.)))).#).).).))))))
.)D)))))D9X9D))).))
.#.#.)..)..)9))).##
.))))...9)))).)))..
).)))..o..9..)))).
#÷.).)))))..)...
###.#)#..####.#.
#...# ##@## #..#
#.#.# #.##.# #.#
#.# ## #.# ▓▓▓


You could see a starcursed mass (summoned), 3 eight-headed meat hydras, 5 viles
and a bag of meat.

Vanquished Creatures
  190 molten gargoyles (D)
  16 hell knights (D)
  Sigmund (D)
  12 hell beasts (D)
  8 royal mummies (D)
  18 great orbs of eyes (D)
  14 wraiths (D)
  Harold (D)
  11 vampire knights (D)
  40 ogres (D)
  5 two-headed ogres (D)
  7 liches (D)
  30 hydras (D)
  12 phantoms (D)
  77 orcs (D)
  10 skeletal warriors (D)
  21 sea snakes (D)
473 creatures vanquished.

Notes
Turn   | Place    | Note
-------+----------+-------------------------------------------
     0 | D        | Found the +∞ Axe of Woe
     0 | D        | Ofeo the Djinni Warper began the quest for the Orb.
     0 | D        | Ofeo set off with the following spells memorised: Blink,
                  | Lesser Beckoning, Gell's Gravitas, Teleport Other, Manifold
                  | Assault.
     0 | D        | Reached XP level 1. HP: 18/18 MP: 0/0
     1 | D        | Noticed a bag of meat
     3 | D        | Became a worshipper of Makhleb the Destroyer
     4 | D        | Noticed a bag of meat
     6 | D        | Noticed a bag of meat
     6 | D        | Noticed a bag of meat
     6 | D        | Noticed a bag of meat
     7 | D        | Killed a bag of meat
     7 | D        | Noticed a meat berserker
     7 | D        | Noticed a meat berserker
     7 | D        | Noticed a meat berserker
     8 | D        | Reached XP level 2. HP: 23/23 MP: 0/0
     8 | D        | Reached XP level 3. HP: 28/28 MP: 0/0
     8 | D        | Learned a level 1 spell: Magic Dart
     8 | D        | Reached XP level 4. HP: 33/33 MP: 0/0
     8 | D        | Reached XP level 5. HP: 38/38 MP: 0/0
     8 | D        | Learned a level 2 spell: Searing Ray
     8 | D        | Reached XP level 6. HP: 43/43 MP: 0/0
     8 | D        | Reached XP level 7. HP: 49/49 MP: 0/0
     8 | D        | Learned a level 3 spell: Confusing Touch
     8 | D        | Reached XP level 8. HP: 54/54 MP: 0/0
     8 | D        | Reached XP level 9. HP: 58/58 MP: 0/0
     8 | D        | Learned a level 4 spell: Flame Wave
     8 | D        | Reached XP level 10. HP: 64/64 MP: 0/0
     8 | D        | Reached XP level 11. HP: 68/68 MP: 0/0
     8 | D        | Learned a level 4 spell: Dispel Undead
     9 | D        | Killed a bag of meat
     9 | D        | Reached * piety under Makhleb
     9 | D        | Noticed a bag of meat
    10 | D        | Reached XP level 12. HP: 74/74 MP: 0/0
    10 | D        | Noticed a bag of meat
    10 | D        | Noticed a bag of meat
    10 | D        | Noticed a bag of meat
    10 | D        | Noticed a bag of meat
    10 | D        | Noticed a bag of meat
    10 | D        | Noticed a bag of meat
    10 | D        | Noticed a bag of meat
    11 | D        | Killed a bag of meat
    11 | D        | Killed a meat berserker
    11 | D        | Killed a meat berserker
    11 | D        | Reached ** piety under Makhleb
    11 | D        | Killed a bag of meat
    11 | D        | Noticed a meat berserker
    11 | D        | Noticed a meat berserker
    12 | D        | Reached skill level 27 in Axes
    12 | D        | Reached XP level 13. HP: 125/125 MP: 0/0
    12 | D        | Learned a level 5 spell: Summon Forest
    12 | D        | Reached XP level 14. HP: 132/132 MP: 0/0
    12 | D        | Reached XP level 15. HP: 139/139 MP: 0/0
    12 | D        | Learned a level 6 spell: Statue Form
    12 | D        | Killed a meat berserker
    13 | D        | Reached skill level 27 in Fighting
    13 | D        | Noticed a meat berserker
    13 | D        | Noticed a large bag of meat
    13 | D        | Noticed a large bag of meat
    15 | D        | Reached *** piety under Makhleb
    16 | D        | Reached XP level 16. HP: 154/154 MP: 0/0
    16 | D        | Killed a large bag of meat
    16 | D        | Reached **** piety under Makhleb
    17 | D        | Reached XP level 17. HP: 160/160 MP: 0/0
    17 | D        | Learned a level 7 spell: Malign Gateway
    17 | D        | Noticed a meat berserker
    18 | D        | Killed a meat berserker
    18 | D        | Reached ***** piety under Makhleb
    18 | D        | Killed a meat berserker
    19 | D        | Reached XP level 18. HP: 167/167 MP: 0/0
    19 | D        | Killed a meat berserker
    20 | D        | Reached skill level 27 in Spellcasting
    20 | D        | Killed a meat berserker
    20 | D        | Reached ****** piety under Makhleb
    20 | D        | Noticed a destroyer
    21 | D        | Reached skill level 10 in Maces & Flails
    21 | D        | Reached skill level 10 in Throwing
    21 | D        | Reached XP level 19. HP: 174/174 MP: 0/0
    21 | D        | Learned a level 6 spell: Conjure Ball Lightning
    21 | D        | Killed a destroyer
    22 | D        | Reached skill level 15 in Armour
    22 | D        | Reached skill level 15 in Unarmed Combat
    22 | D        | Reached skill level 15 in Invocations
    22 | D        | Reached XP level 20. HP: 181/181 MP: 0/0
    22 | D        | Killed a large bag of meat
    22 | D        | Noticed a meat berserker
    23 | D        | Reached skill level 15 in Stealth
    23 | D        | Killed a meat berserker
    24 | D        | Reached skill level 15 in Maces & Flails
    24 | D        | Reached skill level 15 in Throwing
    24 | D        | Reached XP level 21. HP: 182/187 MP: 0/0
    24 | D        | Learned a level 8 spell: Infestation
    24 | D        | Noticed a meat berserker
    25 | D        | Noticed a large bag of meat
    25 | D        | Killed a meat berserker
    25 | D        | Killed a large bag of meat
    27 | D        | Noticed a destroyer
    28 | D        | Killed a destroyer
    29 | D        | Reached XP level 22. HP: 194/194 MP: 0/0
    30 | D        | Noticed a meat berserker
    31 | D        | Killed a meat berserker
    31 | D        | Noticed a meat berserker
    32 | D        | Killed a meat berserker
    33 | D        | Reached XP level 23. HP: 201/201 MP: 0/0
    33 | D        | Learned a level 7 spell: Spellforged Servitor
    33 | D        | Noticed The Servant
    33 | D        | Noticed a destroyer
    34 | D        | Killed a destroyer
    34 | D        | Killed The Servant
    35 | D        | Reached skill level 27 in Dodging
    37 | D        | Reached skill level 27 in Armour
    37 | D        | Reached skill level 27 in Unarmed Combat
    37 | D        | Reached skill level 27 in Invocations
    37 | D        | Reached XP level 24. HP: 203/208 MP: 0/0
    42 | D        | Reached skill level 27 in Stealth
    44 | D        | Noticed a large bag of meat
    45 | D        | Killed a large bag of meat
    45 | D        | Noticed a destroyer
    46 | D        | Reached skill level 27 in Maces & Flails
    46 | D        | Reached skill level 27 in Throwing
    46 | D        | Killed a destroyer
    47 | D        | Reached XP level 25. HP: 214/214 MP: 0/0
    47 | D        | Learned a level 8 spell: Maxwell's Capacitive Coupling
    48 | D        | Reached skill level 15 in Shields
    52 | D        | Reached skill level 15 in Polearms
    52 | D        | Reached skill level 15 in Ranged Weapons
    52 | D        | Reached XP level 26. HP: 221/221 MP: 0/0
    53 | D        | Noticed a large bag of meat
    54 | D        | Killed a large bag of meat
    57 | D        | Noticed a tyrant
    58 | D        | Killed a tyrant
    63 | D        | Reached XP level 27. HP: 228/228 MP: 0/0
    63 | D        | Learned a level 9 spell: Shatter
    63 | D        | Noticed a dread
    63 | D        | Noticed a meat beast
    63 | D        | Killed a dread
    63 | D        | Killed a meat beast
    64 | D        | Reached skill level 27 in Shields
    66 | D        | Noticed a meat beast
    67 | D        | Killed a meat beast
    68 | D        | Reached skill level 27 in Short Blades
    68 | D        | Reached skill level 27 in Long Blades
    68 | D        | Reached skill level 27 in Polearms
    68 | D        | Reached skill level 27 in Staves
    68 | D        | Reached skill level 27 in Ranged Weapons
    69 | D        | Noticed a dread
    69 | D        | Killed a dread
    70 | D        | Reached skill level 27 in Evocations
    74 | D        | Noticed a destroyer
    74 | D        | Noticed a tyrant
    75 | D        | Killed a destroyer
    75 | D        | Killed a tyrant
    75 | D        | Noticed an accursed
    76 | D        | Killed an accursed
    77 | D        | Noticed a destroyer
    78 | D        | Noticed The Captor
    80 | D        | Killed The Captor
    81 | D        | Noticed an accursed
    82 | D        | Noticed a meat beast
    83 | D        | Killed a meat beast
    85 | D        | Noticed a meat beast
    85 | D        | Killed a meat beast
    86 | D        | Noticed a tyrant
    87 | D        | Noticed an accursed
    87 | D        | Killed a tyrant
    87 | D        | Killed an accursed
    87 | D        | Noticed a destroyer
    88 | D        | Killed a destroyer
    88 | D        | Killed a destroyer
    89 | D        | Noticed an accursed
    90 | D        | Killed an accursed
    90 | D        | Noticed a tyrant
    91 | D        | Noticed a tyrant
    91 | D        | Killed a tyrant
    91 | D        | Killed an accursed
    91 | D        | Killed a tyrant
    91 | D        | Noticed a dread
    92 | D        | Killed a dread
    92 | D        | Noticed a meat beast
    93 | D        | Killed a meat beast
    95 | D        | Noticed an accursed
    95 | D        | Killed an accursed
    99 | D        | Noticed a meat beast
   100 | D        | Killed a meat beast
   100 | D        | Noticed a meat beast
   101 | D        | Killed a meat beast
   111 | D        | Noticed an accursed
   112 | D        | Killed an accursed
   118 | D        | Noticed a fleshlord
   118 | D        | Killed a fleshlord
   120 | D        | Noticed a fleshlord
   120 | D        | Killed a fleshlord
   144 | D        | Noticed a meat beast
   146 | D        | Killed a meat beast
   148 | D        | Noticed a destroyer
   148 | D        | Killed a destroyer
   154 | D        | Noticed a fleshlord
   155 | D        | Killed a fleshlord
   155 | D        | Noticed an accursed
   156 | D        | Killed an accursed
   158 | D        | Noticed a fleshlord
   159 | D        | Killed a fleshlord
   161 | D        | Noticed a meat beast
   161 | D        | Killed a meat beast
   164 | D        | Noticed a meat beast
   164 | D        | Killed a meat beast
   164 | D        | Noticed a fleshlord
   165 | D        | Killed a fleshlord
   184 | D        | Noticed a dread
   184 | D        | Killed a dread
   185 | D        | Noticed a fleshlord
   186 | D        | Killed a fleshlord
   192 | D        | Noticed a fleshlord
   192 | D        | Killed a fleshlord
   196 | D        | Noticed a fleshlord
   197 | D        | Killed a fleshlord
   204 | D        | Noticed a dread
   204 | D        | Killed a dread
   207 | D        | Noticed a fleshlord
   208 | D        | Killed a fleshlord
   208 | D        | Noticed a tyrant
   209 | D        | Killed a tyrant
   214 | D        | Noticed a fleshlord
   215 | D        | Killed a fleshlord
   215 | D        | Noticed a vile
   216 | D        | Noticed a fleshlord
   216 | D        | Killed a vile
   216 | D        | Killed a fleshlord
   219 | D        | Noticed a dread
   219 | D        | Noticed a vile
   220 | D        | Killed a vile
   220 | D        | Killed a dread
   221 | D        | Noticed a dread
   222 | D        | Killed a dread
   228 | D        | Noticed a vile
   228 | D        | Killed a vile
   235 | D        | Noticed an accursed
   236 | D        | Killed an accursed
   242 | D        | Noticed a vile
   242 | D        | Killed a vile
   245 | D        | Noticed a vile
   245 | D        | Killed a vile
   261 | D        | Noticed a vile
   261 | D        | Noticed a fleshlord
   262 | D        | Killed a fleshlord
   262 | D        | Killed a vile
   264 | D        | Noticed a dread
   265 | D        | Killed a dread
   265 | D        | Noticed a destroyer
   265 | D        | Noticed a vile
   266 | D        | Noticed a vile
   266 | D        | Noticed a vile
   266 | D        | Noticed a vile
   266 | D        | Killed a destroyer
   266 | D        | Killed a vile
   266 | D        | Killed a vile
   267 | D        | Killed a vile
   267 | D        | Killed a vile
   267 | D        | Noticed a fleshlord
   268 | D        | Killed a fleshlord
   271 | D        | Noticed a vile
   272 | D        | Noticed a vile
   272 | D        | Killed a vile
   272 | D        | Killed a vile
   284 | D        | Noticed a dread
   285 | D        | Killed a dread
   286 | D        | Noticed a vile
   287 | D        | Killed a vile
   287 | D        | Noticed a vile
   288 | D        | Killed a vile
   292 | D        | Noticed a vile
   292 | D        | Noticed a vile
   293 | D        | Killed a vile
   293 | D        | Killed a vile
   299 | D        | Noticed a vile
   300 | D        | Killed a vile
   300 | D        | Noticed a vile
   301 | D        | Noticed a vile
   301 | D        | Killed a vile
   301 | D        | Killed a vile
   304 | D        | Noticed a destroyer
   305 | D        | Killed a destroyer
   309 | D        | Noticed a vile
   310 | D        | Noticed a vile
   310 | D        | Killed a vile
   310 | D        | Killed a vile
   312 | D        | Noticed a vile
   312 | D        | Killed a vile
   312 | D        | Noticed a vile
   313 | D        | Killed a vile
   315 | D        | Noticed a vile
   316 | D        | Killed a vile
   317 | D        | Noticed a vile
   318 | D        | Killed a vile
   318 | D        | Noticed a vile
   319 | D        | Killed a vile
   320 | D        | Noticed a fleshlord
   321 | D        | Killed a fleshlord
   322 | D        | Noticed a vile
   322 | D        | Noticed a vile
   323 | D        | Killed a vile
   323 | D        | Killed a vile
   323 | D        | Noticed a vile
   324 | D        | Killed a vile
   327 | D        | Noticed a vile
   327 | D        | Killed a vile
   328 | D        | Noticed a vile
   329 | D        | Killed a vile
   334 | D        | Noticed a vile
   335 | D        | Killed a vile
   338 | D        | Noticed a vile
   338 | D        | Noticed a vile
   339 | D        | Killed a vile
   339 | D        | Killed a vile
   340 | D        | Noticed a vile
   340 | D        | Noticed a dread
   341 | D        | Killed a vile
   341 | D        | Killed a dread
   343 | D        | Noticed a vile
   344 | D        | Killed a vile
   345 | D        | Noticed a meat beast
   346 | D        | Killed a meat beast
   347 | D        | Noticed a vile
   347 | D        | Noticed a vile
   348 | D        | Killed a vile
   348 | D        | Killed a vile
   349 | D        | Noticed a vile
   349 | D        | Noticed a vile
   349 | D        | Noticed a vile
   350 | D        | Killed a vile
   350 | D        | Killed a vile
   350 | D        | Killed a vile
   350 | D        | Noticed a vile
   351 | D        | Killed a vile
   351 | D        | Noticed a vile
   352 | D        | Killed a vile
   352 | D        | Noticed a vile
   353 | D        | Killed a vile
   354 | D        | Noticed a vile
   354 | D        | Killed a vile
   354 | D        | Noticed a vile
   355 | D        | Killed a vile
   355 | D        | Noticed a vile
   356 | D        | Killed a vile
   358 | D        | Noticed a vile
   359 | D        | Noticed a vile
   359 | D        | Killed a vile
   359 | D        | Killed a vile
   359 | D        | Noticed a vile
   360 | D        | Killed a vile
   362 | D        | Noticed a vile
   363 | D        | Killed a vile
   365 | D        | Noticed a vile
   365 | D        | Noticed a vile
   366 | D        | Killed a vile
   366 | D        | Noticed a vile
   366 | D        | Noticed a vile
   367 | D        | Noticed a vile
   367 | D        | Killed a vile
   367 | D        | Killed a vile
   367 | D        | Killed a vile
   368 | D        | Noticed a vile
   369 | D        | Noticed a vile
   370 | D        | Killed a vile
   370 | D        | Killed a vile
   370 | D        | Noticed a vile
   370 | D        | Noticed a vile
   371 | D        | Noticed a vile
   371 | D        | Killed a vile
   371 | D        | Killed a vile
   371 | D        | Killed a vile
   375 | D        | Killed a vile
   376 | D        | Noticed a vile
   376 | D        | Noticed a vile
   377 | D        | Killed a vile
   377 | D        | Killed a vile
   377 | D        | Noticed a vile
   378 | D        | Killed a vile
   379 | D        | Noticed a vile
   380 | D        | Noticed a vile
   380 | D        | Noticed a vile
   380 | D        | Noticed a dread
   380 | D        | Noticed a vile
   381 | D        | Noticed a vile
   381 | D        | Killed a vile
   381 | D        | Killed a vile
   381 | D        | Killed a vile
   381 | D        | Killed a dread
   381 | D        | Noticed a vile
   381 | D        | Noticed a vile
   382 | D        | Killed a vile
   382 | D        | Killed a vile
   383 | D        | Noticed a vile
   383 | D        | Killed a vile
   383 | D        | Killed a vile
   384 | D        | Noticed a vile
   384 | D        | Noticed a vile
   384 | D        | Noticed a dread
   385 | D        | Killed a dread
   385 | D        | Killed a vile
   388 | D        | Noticed a vile
   388 | D        | Killed a vile
   389 | D        | Noticed a vile
   390 | D        | Killed a vile
   391 | D        | Noticed a vile
   392 | D        | Killed a vile
   393 | D        | Noticed a vile
   394 | D        | Killed a vile
   395 | D        | Noticed a vile
   396 | D        | Killed a vile
   397 | D        | Noticed a vile
   397 | D        | Killed a vile
   400 | D        | Noticed a vile
   401 | D        | Killed a vile
   402 | D        | Noticed a vile
   403 | D        | Noticed a vile
   403 | D        | Killed a vile
   403 | D        | Killed a vile
   403 | D        | Noticed a vile
   403 | D        | Noticed a vile
   403 | D        | Noticed a vile
   403 | D        | Noticed a vile
   404 | D        | Killed a vile
   404 | D        | Killed a vile
   404 | D        | Killed a vile
   404 | D        | Noticed a vile
   405 | D        | Killed a vile
   407 | D        | Noticed a vile
   407 | D        | Killed a vile
   407 | D        | Killed a vile
   408 | D        | Noticed a vile
   409 | D        | Killed a vile
   409 | D        | Noticed a vile
   410 | D        | Killed a vile
   411 | D        | Killed a vile
   411 | D        | Noticed a vile
   412 | D        | Killed a vile
   412 | D        | Noticed a vile
   413 | D        | Noticed a vile
   413 | D        | Killed a vile
   413 | D        | Killed a vile
   413 | D        | Noticed a vile
   413 | D        | Noticed a meat beast
   414 | D        | Noticed a vile
   414 | D        | Killed a vile
   414 | D        | Killed a vile
   414 | D        | Killed a meat beast
   415 | D        | Noticed a vile
   415 | D        | Killed a vile
   415 | D        | Noticed a vile
   416 | D        | Killed a vile
   416 | D        | Noticed a vile
   416 | D        | Noticed a vile
   417 | D        | Killed a vile
   418 | D        | Noticed a vile
   419 | D        | Killed a vile
   419 | D        | Noticed a vile
   420 | D        | Killed a vile
   420 | D        | Killed a vile
   421 | D        | Noticed a vile
   421 | D        | Noticed a vile
   422 | D        | Killed a vile
   422 | D        | Killed a vile
   423 | D        | Noticed a vile
   423 | D        | Killed a vile
   424 | D        | Killed a vile
   424 | D        | Noticed a vile
   425 | D        | Killed a vile
   427 | D        | Noticed a vile
   428 | D        | Killed a vile
   429 | D        | Noticed a vile
   429 | D        | Killed a vile
   430 | D        | Noticed a vile
   430 | D        | Noticed a vile
   431 | D        | Killed a vile
   431 | D        | Noticed a vile
   432 | D        | Killed a vile
   433 | D        | Killed a vile
   436 | D        | Noticed a vile
   437 | D        | Killed a vile
   437 | D        | Noticed a vile
   438 | D        | Killed a vile
   438 | D        | Noticed a vile
   439 | D        | Killed a vile
   439 | D        | Noticed a vile
   440 | D        | Killed a vile
   444 | D        | Noticed a vile
   445 | D        | Noticed a vile
   446 | D        | Killed a vile
   447 | D        | Noticed a vile
   448 | D        | Killed a vile
   448 | D        | Noticed a vile
   449 | D        | Killed a vile
   453 | D        | Noticed a vile
   454 | D        | Killed a vile
   456 | D        | Noticed a vile
   457 | D        | Killed a vile
   457 | D        | Noticed a vile
   458 | D        | Killed a vile
   458 | D        | Noticed a vile
   458 | D        | Noticed a vile
   458 | D        | Noticed a vile
   459 | D        | Killed a vile
   459 | D        | Killed a vile
   459 | D        | Killed a vile
   459 | D        | Noticed a vile
   459 | D        | Noticed a vile
   460 | D        | Killed a vile
   460 | D        | Killed a vile
   460 | D        | Noticed a vile
   461 | D        | Killed a vile
   461 | D        | Noticed a vile
   461 | D        | Noticed a vile
   462 | D        | Killed a vile
   462 | D        | Noticed a vile
   462 | D        | Noticed a vile
   463 | D        | Killed a vile
   463 | D        | Killed a vile
   463 | D        | Noticed a vile
   464 | D        | Killed a vile
   465 | D        | Noticed a vile
   465 | D        | Noticed a vile
   466 | D        | Killed a vile
   466 | D        | Killed a vile
   466 | D        | Noticed a tyrant
   467 | D        | Killed a tyrant
   468 | D        | Noticed a vile
   468 | D        | Noticed a vile
   469 | D        | Killed a vile
   469 | D        | Killed a vile
   469 | D        | Noticed a vile
   470 | D        | Killed a vile
   472 | D        | Noticed a vile
   473 | D        | Killed a vile
   473 | D        | Noticed a vile
   474 | D        | Killed a vile
   475 | D        | Noticed a vile
   475 | D        | Noticed a vile
   475 | D        | Noticed a vile
   475 | D        | Noticed a vile
   475 | D        | Noticed a vile
   475 | D        | Noticed a fleshlord
   476 | D        | Killed a fleshlord
   476 | D        | Killed a vile
   476 | D        | Killed a vile
   476 | D        | Killed a vile
   477 | D        | Noticed a vile
   477 | D        | Killed a vile
   477 | D        | Killed a vile
   477 | D        | Noticed a vile
   478 | D        | Killed a vile
   479 | D        | Killed a vile
   480 | D        | Noticed a vile
   480 | D        | Killed a vile
   484 | D        | Noticed a vile
   484 | D        | Killed a vile
   485 | D        | Noticed a vile
   486 | D        | Killed a vile
   487 | D        | Noticed a vile
   487 | D        | Killed a vile
   488 | D        | Noticed a vile
   488 | D        | Killed a vile
   492 | D        | Noticed a vile
   493 | D        | Killed a vile
   493 | D        | Noticed a vile
   494 | D        | Killed a vile
   495 | D        | Noticed a vile
   495 | D        | Killed a vile
   495 | D        | Noticed a dread
   496 | D        | Killed a dread
   497 | D        | Noticed a dread
   497 | D        | Noticed a vile
   498 | D        | Killed a dread
   498 | D        | Killed a vile
   498 | D        | Noticed a vile
   499 | D        | Killed a vile
   501 | D        | Noticed a vile
   502 | D        | Noticed a vile
   503 | D        | Killed a vile
   503 | D        | Noticed a vile
   504 | D        | Killed a vile
   504 | D        | Killed a vile
   504 | D        | Noticed a vile
   505 | D        | Killed a vile
   505 | D        | Noticed a vile
   506 | D        | Killed a vile
   507 | D        | Noticed a vile
   507 | D        | Noticed a fleshlord
   508 | D        | Killed a fleshlord
   508 | D        | Noticed a vile
   509 | D        | Killed a vile
   509 | D        | Killed a vile
   509 | D        | Noticed a vile
   510 | D        | Killed a vile
   510 | D        | Noticed a vile
   510 | D        | Noticed a vile
   510 | D        | Noticed a vile
   510 | D        | Noticed a vile
   510 | D        | Noticed a vile
   511 | D        | Killed a vile
   511 | D        | Killed a vile
   511 | D        | Killed a vile
   511 | D        | Killed a vile
   512 | D        | Killed a vile
   512 | D        | Noticed a vile
   513 | D        | Killed a vile
   513 | D        | Noticed a vile
   514 | D        | Killed a vile
   517 | D        | Noticed a vile
   517 | D        | Noticed a vile
   518 | D        | Killed a vile
   518 | D        | Killed a vile
   518 | D        | Noticed a vile
   518 | D        | Noticed a vile
   518 | D        | Noticed a vile
   519 | D        | Killed a vile
   519 | D        | Killed a vile
   519 | D        | Killed a vile
   519 | D        | Noticed a vile
   520 | D        | Killed a vile
   520 | D        | Noticed a vile
   521 | D        | Killed a vile
   521 | D        | Noticed a vile
   522 | D        | Killed a vile
   523 | D        | Noticed a vile
   523 | D        | Noticed a destroyer
   524 | D        | Killed a destroyer
   524 | D        | Noticed a vile
   524 | D        | Noticed a vile
   525 | D        | Noticed a vile
   525 | D        | Killed a vile
   525 | D        | Killed a vile
   525 | D        | Killed a vile
   525 | D        | Killed a vile
   526 | D        | Noticed a vile
   527 | D        | Killed a vile
   527 | D        | Noticed a vile
   528 | D        | Killed a vile
   528 | D        | Noticed a vile
   528 | D        | Noticed a vile
   529 | D        | Killed a vile
   529 | D        | Killed a vile
   529 | D        | Noticed a vile
   529 | D        | Noticed a vile
   529 | D        | Noticed a vile
   529 | D        | Noticed a vile
   529 | D        | Noticed a vile
   530 | D        | Killed a vile
   530 | D        | Killed a vile
   530 | D        | Killed a vile
   530 | D        | Killed a vile
   530 | D        | Noticed a vile
   532 | D        | Noticed a vile
   532 | D        | Noticed a vile
   532 | D        | Noticed a vile
   533 | D        | HP: 4/228 [vile/damnation (22)]
   533 | D        | Killed from afar by a starcursed mass

Illustrated notes

Levels and vault maps discovered:
D:        meatsprint

Skill      XL: |  1  2  3  4  5  6  7  8  9 10 11 12 13 14 15 16 17 18 19 20 21 22 23 24 25 26 27 |
---------------+----------------------------------------------------------------------------------+-----
Axes           | 21 24 27 | 27.0
Fighting       | 23 27 | 27.0
Spellcasting   | 12 19 26 27 | 27.0
Maces & Flails | 10 12 15 19 20 23 27 | 27.0
Throwing       | 10 12 15 19 21 23 27 | 27.0
Armour         | 12 15 18 22 24 27 | 27.0
Dodging        | 13 16 19 24 26 27 | 27.0
Stealth        | 11 14 16 21 22 25 27 | 27.0
Unarmed Combat | 12 15 18 22 24 27 | 27.0
Invocations    | 11 15 18 22 24 27 | 27.0
Short Blades   | 12 16 21 27 | 27.0
Long Blades    | 12 16 21 27 | 27.0
Polearms       | 11 15 20 27 | 27.0
Staves         | 12 16 21 27 | 27.0
Ranged Weapons | 11 15 20 27 | 27.0
Shields        | 13 18 23 27 | 27.0
Evocations     | 27 | 27.0

Action                   |  1- 3 |  4- 6 |  7- 9 | 10-12 | 13-15 | 16-18 | 19-21 | 22-24 | 25-27 || total
-------------------------+-------+-------+-------+-------+-------+-------+-------+-------+-------++-------
Melee: Executioner's axe |     1 |       |       |     2 |     2 |    10 |    18 |    21 |   410 ||   464
 Cast: Manifold Assault  |       |       |       |       |       |     2 |     5 |    11 |   263 ||   281
       Shatter           |       |       |       |       |       |       |       |       |     1 ||     1
 Stab: Distracted        |       |       |       |       |       |       |       |       |     1 ||     1
